[Event "*** Titled Tuesday Blitz"]
[Site "Chess.com"]
[Date "2020.11.24"]
[Round "1"]
[White "Soltan49"]
[Black "Muracle"]
[Result "0-1"]
[WhiteElo "2244"]
[BlackElo "2550"]
[TimeControl "180+1"]
[EndTime "10:22:34 PST"]
[Termination "Muracle won on time"]

1. d4 Nf6 2. Nf3 g6 3. Bf4 Bg7 4. e3 O-O 5. h3 d6 6. Bd3 c5 7. c3 Qb6 8. Qc2 Nc6 9. Nbd2 cxd4 10. exd4 e5 11. dxe5 dxe5 12. Be3 Qc7 13. O-O Be6 14. Nb3 Rad8 15. Rfe1 Rxd3 16. Qxd3 e4 17. Qe2 exf3 18. Qxf3 b6 19. Bf4 Qc8 20. Rad1 a5 21. Rd6 Ne7 22. Nd4 Nfd5 23. Nxe6 fxe6 24. g3 e5 25. Rxd5 Qb7 26. c4 Nxd5 27. cxd5 exf4 28. g4 Bxb2 29. Qd3 Bf6 30.
Re6 Qd7 31. g5 Bxg5 32. Qe4 Bf6 33. d6 Bg7 34. Qd5 Qf7 35. Qe4 Qd7 36. Qd5 Kh8 37.
Qe4 Qb5 38. Re7 Qf5 0-1

[Event "*** Titled Tuesday Blitz"]
[Site "Chess.com"]
[Date "2020.11.24"]
[Round "1"]
[White "skoularikii"]
[Black "XxPetroffsxX"]
[Result "1-0"]
[WhiteElo "2478"]
[BlackElo "1986"]
[TimeControl "180+1"]
[EndTime "10:22:34 PST"]
[Termination "skoularikii won by resignation"]

1. e4 e5 2. Nf3 Nc6 3. Bc4 Be7 4. O-O Nf6 5. Re1 O-O 6. d4 d6 7. h3 h6 8. Nc3 exd4 9. Nxd4 Ne5 10. Bf1 Bd7 11.
f4 Nc6 12. Nf5 Re8 13. g4 Bxf5 14. exf5 Bf8 15. Bg2 Qd7 16. Be3 Rad8 17. Nd5 Nxd5 18. Qxd5 a6 19. Bf2 Rxe1+ 20. Rxe1 Re8 21. Re4 Rxe4 22.
Bxe4 Qe7 23. a3 Nd8 24. Bf3 c6 25. Qd4 d5 26. g5 hxg5 27. b4 gxf4 28. Qxf4 Qd6 29.
Qh4 Be7 30. Qg4 Bf6 31. Bb6 Qe5 32. Kg2 Qe1 33. Be2 Qh4 34. c4 Qxg4+ 35. hxg4 g6 36. cxd5 cxd5 37. Bf3 gxf5 38. gxf5 Nc6 39. Bxd5 Kf8 40.
Bc5+ Be7 41. Bb6 Bd6 42. Kf3 Ke7 43. Ke4 Kf6 44. Bf2 Kg5 45. Bxf7 Ne5 46. Bd5 Nc6 47. Be1 Kf6 48. Bc3+ Ke7 49. f6+ Kf8 50. Kf5 1-0

[Event "*** Titled Tuesday Blitz"]
[Site "Chess.com"]
[Date "2020.11.24"]
[Round "1"]
[White "J36225"]
[Black "RaneshRatnesan"]
[Result "0-1"]
[WhiteElo "2455"]
[BlackElo "2136"]
[TimeControl "180+1"]
[EndTime "10:22:35 PST"]
[Termination "RaneshRatnesan won by checkmate"]

1. e4 c5 2. Nf3 d6 3. Bb5+ Nc6 4.
O-O Bd7 5. Re1 a6 6. Bf1 e5 7. c3 Bg4 8. d4 cxd4 9. h3 Bxf3 10. Qxf3 Nf6 11. Bg5 Be7 12. Bc4 O-O 13. Bxf6 Bxf6 14. Bd5 dxc3 15. Nxc3 Nd4 16. Qd3 Rb8 17. Ne2 Nxe2+ 18.
Rxe2 b5 19. Rc1 Qa5 20. Qc3 Qxc3 21. Rxc3 Rbc8 22. Rec2 Rxc3 23. Rxc3 Bd8 24. Rc6 a5 25. Rxd6 g6 26. Rd7 Kg7 27. Rb7 b4 28. f3 Kf6 29. Kf1 h5 30. h4 Kg7 31. g3 g5 32. hxg5 Bxg5 33. Kg2 Kg6 34. Ra7 Bd8 35. f4 f6 36. f5+ Kh6 37. Kh3 Bb6 38. Rb7 Bd8 39.
Bf7 Kg5 40. Be6 Kh6 41. Kh4 Rh8 42. Rd7 Bb6 43. Bf7 Rh7 44. Rd6 Rxf7 45. Rxb6 Kg7 46. Rb5 Rc7 47. Rxa5 Rc4 48. Kxh5 Rxe4 49. Ra7+ Kg8 50.
Kg6 Rg4+ 51. Kxf6 Rxg3 52. Ra8+ Kh7 53. Kxe5 Rg2 54. Kf6 Rxb2 55. Kf7 b3 56. Ra4 Kh6 57. axb3 Rxb3 58. Ra3 Rxa3 59. f6 Ra7+ 60. Kg8 Kg6 61. f7 Rxf7 62. Kh8 Rf8# 0-1

[Event "*** Titled Tuesday Blitz"]
[Site "Chess.com"]
[Date "2020.11.24"]
[Round "1"]
[White "Supernotar"]
[Black "InitiatingASC"]
[Result "1-0"]
[WhiteElo "2865"]
[BlackElo "2433"]
[TimeControl "180+1"]
[EndTime "10:22:37 PST"]
[Termination "Supernotar won on time"]

1. d4 Nf6 2. c4 g6 3. Nc3 Bg7 4.
e4 d6 5. Be2 O-O 6. Nf3 Nbd7 7. O-O a6 8. Bg5 c5 9. d5 Rb8 10. a4 Qa5 11. h3 Re8 12. Qc2 h6 13.
Bd2 Qc7 14. b3 Nf8 15. Bd3 N6d7 16. Bf4 g5 17. Bg3 Ng6 18. Rfe1 Nde5 19. Nxe5 Nxe5 20. Bf1 Rf8 21. Kh2 f5 22. exf5 Bxf5 23. Ne4 Rf7 24. Rad1 Rbf8 25. Rd2 Qa5 26. f3 Ng6 27. Rdd1 Be5 28.
Bxe5 Nxe5 29. Re3 Ng6 30. Bd3 Nf4 31. Bf1 Qc7 32. Rde1 e5 33. dxe6 Nxe6 34. Qd2 Nd4 35. Bd3 Qd7 36. Qd1 Rg7 37. Nc3 h5 38. Nd5 Nc6 39.
Bxf5 Qxf5 40. Ne7+ Nxe7 41. Rxe7 Qf4+ 42. Kh1 Rxe7 43. Rxe7 Rf7 44. Qd5 Qc1+ 45. Kh2 Qf4+ 46.
g3 Qf6 47. Rxf7 Qxf7 48. Qxg5+ Kh7 49. Kg2 b6 50. Qe3 1-0

[Event "*** Titled Tuesday Blitz"]
[Site "Chess.com"]
[Date "2020.11.24"]
[Round "1"]
[White "TigrVShlyape"]
[Black "Xeniya2005"]
[Result "1-0"]
[WhiteElo "2808"]
[BlackElo "2415"]
[TimeControl "180+1"]
[EndTime "10:22:37 PST"]
[Termination "TigrVShlyape won by resignation"]

1. d4 Nf6 2. Nf3 e6 3. Bf4 d5 4. e3 Be7 5. Nbd2 O-O 6. Bd3 b6 7. Ne5 c5 8. c3 Bb7 9. Qf3 Nbd7 10. h4 Rc8 11. h5 h6 12. Qg3 Kh8 13. Qf3 Nxe5 14. Bxe5 Nd7 15. Bg3 f5 16. Bf4 Nf6 17.
Qe2 Bd6 18. Nf3 Ng4 19. Nh4 Re8 20. Ng6+ Kg8 21. Bxd6 Qxd6 22. f3 Nf6 23. f4 Ng4 24.
Ne5 Nf6 25. Kf2 a6 26. a3 b5 27.
g4 fxg4 28. Nxg4 Ne4+ 29. Bxe4 dxe4 30. Rhg1 Rf8 31. Nxh6+ Kh7 32. Qg4 Qe7 33. Qg6+ Kh8 34. Ng4 cxd4 35. Kg3 dxe3 36. h6 Rf5 37. hxg7+ Qxg7 38. Rh1+ Kg8 39. Qxe6+ Rf7 40. Rh5 Kf8 41. Qd6+ Re7 42.
Rg5 Qh7 43. Nf6 Qf7 44. Rh1 1-0

[Event "*** Titled Tuesday Blitz"]
[Site "Chess.com"]
[Date "2020.11.24"]
[Round "1"]
[White "Malev212"]
[Black "TheKingDoctor"]
[Result "1-0"]
[WhiteElo "2505"]
[BlackElo "2100"]
[TimeControl "180+1"]
[EndTime "10:22:37 PST"]
[Termination "Malev212 won by resignation"]

1. d4 Nf6 2. Nf3 g6 3. c4 Bg7 4. Nc3 O-O 5. e4 d6 6. Be2 Qe8 7. h4 e5 8. d5 Bg4 9. Bg5 a6 10. Nd2 Bxe2 11. Qxe2 Nbd7 12. g4 h6 13. Be3 Nh7 14.
h5 g5 15. Nf1 b6 16. Ng3 Nc5 17. Nf5 Qd7 18. b4 Na4 19. Qc2 Nxc3 20. Qxc3 Nf6 21. f3 a5 22. a3 axb4 23. axb4 Rxa1+ 24. Qxa1 Rc8 25. Ke2 Bf8 26. Qa7 Qd8 27. Ra1 Rb8 28. Qa4 Nd7 29. Qc6 Rc8 30. Ra7 Nb8 31. Qb7 Nd7 32. Kd3 Nf6 33. Kc3 Ne8 34. Kb3 Rb8 35.
Qc6 Rc8 36. Kc3 Rb8 37. Kd3 Rc8 38. c5 bxc5 39. bxc5 Rb8 40. Kc2 Kh7 41. Bd2 dxc5 42. Bc3 Bd6 43. Nxd6 Qxd6 44. Qxd6 cxd6 45. Rxf7+ Kg8 46.
Rd7 Rc8 47. Kb3 Rc7 48. Rd8 Kf7 49. Kc4 Ke7 50. Ra8 Rb7 51. Ba5 Rd7 52. Kb5 Rb7+ 53.
Kc6 Rd7 54. Bb6 Nf6 55. Rh8 Kf7 56. Rxh6 c4 57. Ba5 Ra7 58. Bb4 Ra4 59. Kb5 Rxb4+ 60. Kxb4 c3 61. Kxc3 Nd7 62. Rxd6 Nc5 63. Rc6 Na4+ 1-0

[Event "*** Titled Tuesday Blitz"]
[Site "Chess.com"]
[Date "2020.11.24"]
[Round "1"]
[White "tteshan"]
[Black "Chernobay_Artem"]
[Result "0-1"]
[WhiteElo "2373"]
[BlackElo "2705"]
[TimeControl "180+1"]
[EndTime "10:22:38 PST"]
[Termination "Chernobay_Artem won on time"]

1. d4 Nf6 2. c4 g6 3. Nc3 Bg7 4.
e4 d6 5. Be2 O-O 6. Bg5 Na6 7.
Qd2 e5 8. d5 Qe8 9. h4 Nc5 10.
Qc2 h6 11. Be3 Qe7 12. h5 Nxh5 13. Bxh5 gxh5 14. Rxh5 Qf6 15. b4 Qg6 16. Rh2 Na6 17. a3 f5 18. exf5 Bxf5 19. Qd2 Rf6 20. Nf3 Bg4 21.
Nh4 Qh7 22. f3 Bd7 23. Ne4 Rf7 24. O-O-O b5 25. Rdh1 bxc4 26. Ng6 Qxg6 27. Bxh6 c3 28. Nxc3 Rf4 29. Bxf4 exf4 30. Ne4 Rf8 31. Rh5 Rf5 32.
Rxf5 Bxf5 33. Qxf4 Qxg2 34. Re1 Bg6 35. Qd2 Qxf3 36.
Qe2 Qxa3+ 37. Kd1 Nxb4 38. Qe3 Qa4+ 39. Ke2 Qc2+ 40. Nd2 Nxd5 0-1

[Event "*** Titled Tuesday Blitz"]
[Site "Chess.com"]
[Date "2020.11.24"]
[Round "1"]
[White "Agoking701"]
[Black "JonahWillow"]
[Result "0-1"]
[WhiteElo "2341"]
[BlackElo "2659"]
[TimeControl "180+1"]
[EndTime "10:22:38 PST"]
[Termination "JonahWillow won by resignation"]

1. e4 c5 2. Nf3 Nc6 3. Nc3 g6 4. h4 Bg7 5. h5 d6 6. Bc4 e6 7. d3 Nge7 8. Bg5 a6 9. h6 Bf8 10. a4 Rb8 11. d4 cxd4 12. Nxd4 Qb6 13. Bf6 Rg8 14. Bb3 Na5 15. Qd3 Bd7 16. f4 Nec6 17. O-O-O Nxd4 18. Bxd4 Nxb3+ 19. cxb3 Qxb3 20. Kb1 Bxa4 21. f5 gxf5 22. exf5 e5 23. Rhe1 Bb5 24. Nxb5 Qxd3+ 25. Rxd3 axb5 26. Bxe5 Kd7 27. Red1 Rxg2 28.
Bxd6 Bxd6 29. Rxd6+ Ke8 30. f6 Rg6 31. Re1+ Kf8 32.
Red1 Re8 33. Rb6 Rxh6 34. Rd7 Rg6 35. Ka2 h5 36. Rd4 Rh6 37. Rh4 Ra8+ 38. Kb3 Ra4 39.
Rh3 h4 40. Rxb7 Rxf6 41. Rxb5 Rg4 42. Rh5 Rg3+ 43. Rxg3 hxg3 44. Rg5 Rg6 45. Rd5 g2 0-1

[Event "*** Titled Tuesday Blitz"]
[Site "Chess.com"]
[Date "2020.11.24"]
[Round "1"]
[White "nicolevalladar"]
[Black "Simon_1986"]
[Result "0-1"]
[WhiteElo "1578"]
[BlackElo "2467"]
[TimeControl "180+1"]
[EndTime "10:22:38 PST"]
[Termination "Simon_1986 won by resignation"]

1. e4 c5 2. Nc3 Nc6 3. d3 d6 4. g3 g6 5. Bg2 Bg7 6. f3 Nf6 7. Be3 O-O 8. Qd2 Nd4 9. Nce2 Nxe2 10.
Nxe2 Rb8 11. Bh6 b5 12. h4 Re8 13. h5 Bh8 14. hxg6 fxg6 15. O-O-O Be6 16. Kb1 b4 17. b3 Qa5 18. g4 Qa3 19. Qc1 Qxc1+ 20. Rxc1 a5 21.
Be3 a4 22. g5 Nd7 23. d4 Rec8 24. d5 Bf7 25. Rh3 axb3 26. cxb3 Ra8 27. Rch1 Nf8 28.
Nf4 c4 29. bxc4 Rxc4 30. Ne6 Nxe6 31. Rxh7 Bg7 32. dxe6 Bxe6 33. Rxg7+ Kxg7 34. Bf1 Rcc8 35. Bd4+ Kf8 36. Rh8+ Bg8 37. Bh3 e5 38. Bxc8 Rxc8 39. Bb2 Kg7 40. Rh4 Ra8 41. Rh3 Bxa2+ 42. Kc1 Be6 43.
Rg3 Rc8+ 44. Kb1 b3 45. Rg2 Rc6 46. Rf2 Bc4 47. f4 Bd3+ 48. Ka1 Ra6+ 49. Ba3 Rxa3+ 50.
Kb2 Ra2+ 51. Kxb3 Rxf2 52. Kc3 Bxe4 0-1

[Event "*** Titled Tuesday Blitz"]
[Site "Chess.com"]
[Date "2020.11.24"]
[Round "1"]
[White "AlexSuv"]
[Black "MVM2008"]
[Result "1-0"]
[WhiteElo "2520"]
[BlackElo "2163"]
[TimeControl "180+1"]
[EndTime "10:22:39 PST"]
[Termination "AlexSuv won on time"]

1. d4 Nf6 2. c4 e6 3. Nc3 Bb4 4. e3 O-O 5. Bd2 d5 6. Nf3 c5 7.
a3 Bxc3 8. Bxc3 cxd4 9. Nxd4 Nc6 10. Nxc6 bxc6 11. Bd3 Ne4 12. Qc2 Nxc3 13. Qxc3 c5 14. O-O d4 15. exd4 cxd4 16. Qd2 Bb7 17. b4 Rc8 18. Rfe1 Qd6 19. Rad1 e5 20. c5 Qe7 21. Bf5 Rcd8 22. Rc1 Bc6 23. f3 g6 24. Be4 Bb5 25. c6 f5 26. Bd3 Bxd3 27. Qxd3 Qg5 28. Rc5 e4 29. fxe4 Rde8 30. e5 f4 31. e6 Qh4 32.
Rf1 Rxe6 33. Qxd4 Qg4 34. c7 Re2 35. Qd5+ Kg7 36. Qf3 Qxf3 37. Rxf3 Rc8 38. Rxf4 Re7 39. Rfc4 Re2 40. Rd5 Re7 41. Rdc5 Re2 42. b5 Ra2 43. a4 Re8 44. h3 Ree2 45. Rg4 1-0

[Event "*** Titled Tuesday Blitz"]
[Site "Chess.com"]
[Date "2020.11.24"]
[Round "1"]
[White "ural58"]
[Black "Artooooo"]
[Result "1-0"]
[WhiteElo "2412"]
[BlackElo "2746"]
[TimeControl "180+1"]
[EndTime "10:22:40 PST"]
[Termination "ural58 won on time"]

1. e4 e6 2. Qe2 d5 3. exd5 Qxd5 4. Nc3 Qd8 5. Nf3 c5 6. d4 cxd4 7. Bg5 f6 8. O-O-O fxg5 9. Nxd4 Qe7 10. Ndb5 a6 11.
Nd6+ Qxd6 12. Rxd6 Bxd6 13. Qh5+ Kf8 14. Qxg5 Nf6 15.
Bc4 Nc6 16. Re1 h6 17. Qd2 Bb4 18. Bxe6 Bxe6 19. Rxe6 Rd8 20. Qf4 Bxc3 21. bxc3 Kf7 22. Rd6 Rxd6 23. Qxd6 Rd8 24. Qf4 Rd7 25. h4 h5 26. f3 Ne7 27. g4 Nd5 28. Qf5 Ne3 29. Qg5 Rd1+ 30. Kb2 Nc4+ 31. Kb3 b5 32. Kb4 Rd5 33.
Qf4 a5+ 34. Kb3 Rd1 35. a4 Nd2+ 36. Kb2 bxa4 37. g5 Kg6 38. gxf6 gxf6 39. c4 Kf7 40. c5 Rb1+ 41. Ka2 Rd1 42. c6 1-0

[Event "*** Titled Tuesday Blitz"]
[Site "Chess.com"]
[Date "2020.11.24"]
[Round "1"]
[White "Nuvas"]
[Black "dretch"]
[Result "1/2-1/2"]
[WhiteElo "2423"]
[BlackElo "2800"]
[TimeControl "180+1"]
[EndTime "10:22:41 PST"]
[Termination "Game drawn by repetition"]

1. d4 d5 2. c4 c6 3. cxd5 cxd5 4. Bf4 Nc6 5. e3 Bf5 6. Nc3 e6 7. Qb3 Bb4 8. Bb5 Bxc3+ 9. Qxc3 Rc8 10. Ne2 a6 11.
Bxc6+ Rxc6 12. Qb4 Qe7 13. Qxe7+ Nxe7 14. Nc3 O-O 15. Kd2 Rfc8 16. Rhc1 f6 17. f3 Ng6 18.
Bg3 e5 19. b3 Kf7 20. dxe5 fxe5 21. e4 dxe4 22. fxe4 Be6 23. Na4 Nf4 24. Bxf4 exf4 25.
Rxc6 Rxc6 26. Rc1 Rxc1 27. Kxc1 Kf6 28. Nc5 Ke5 29. Nxb7 Bc8 30. Nc5 Kd4 31. b4 a5 32.
a3 axb4 33. axb4 Kc4 34. Kd2 Kxb4 35. Nd3+ Kc4 36. Nxf4 Kd4 37. Nh5 Kxe4 38. Nxg7 Kf4 39.
Nh5+ Kg5 40. Ng3 Bb7 41. Ke3 Bxg2 42. Kf2 Ba8 43. Ne2 Kg4 44. Kg1 Bb7 45. Ng3 Bc8 46. Nf1 Bf5 47. Kf2 Kf4 48. Ng3 Bg6 49. Ne2+ Kg4 50.
Ng1 Kf4 51. Ne2+ Kg4 52. Ng1 Kf4 53. Nh3+ Kg4 54. Ng1 1/2-1/2

[Event "*** Titled Tuesday Blitz"]
[Site "Chess.com"]
[Date "2020.11.24"]
[Round "1"]
[White "Roman_Ovetchkin"]
[Black "sopo-tereladze"]
[Result "1-0"]
[WhiteElo "2617"]
[BlackElo "2325"]
[TimeControl "180+1"]
[EndTime "10:22:41 PST"]
[Termination "Roman_Ovetchkin won on time"]

1. d4 Nf6 2. c4 e6 3. Nf3 d5 4. g3 Be7 5. Bg2 O-O 6. O-O dxc4 7. Qc2 c5 8. dxc5 Qc7 9. Qxc4 Qxc5 10. Na3 Nc6 11. Qxc5 Bxc5 12. Nc4 Rd8 13. Bg5 h6 14. Bxf6 gxf6 15. Rfd1 Bd7 16. e3 Be8 17. a3 Rxd1+ 18. Rxd1 Rd8 19. Rc1 Be7 20. b4 b5 21. Ncd2 f5 22. Nb3 Bf6 23. Nfd2 Ne5 24. Rc7 Nc4 25. Nxc4 bxc4 26. Rxc4 Rd1+ 27. Bf1 Bb5 28. Rc1 Rxc1 29. Nxc1 Bxf1 30. Kxf1 Bb2 31. Nd3 Bxa3 32. f4 Kf8 33. Ke2 f6 34. Kd2 e5 35. Kc3 e4 36.
Nc5 Bc1 37. Ne6+ Ke7 38. Nd4 h5 39. h3 a6 40. Kc4 Kd7 41. Nxf5 Ke6 42. g4 hxg4 43.
hxg4 Kf7 44. Kd5 1-0

[Event "*** Titled Tuesday Blitz"]
[Site "Chess.com"]
[Date "2020.11.24"]
[Round "1"]
[White "TC2304"]
[Black "klimkoj"]
[Result "0-1"]
[WhiteElo "2331"]
[BlackElo "2626"]
[TimeControl "180+1"]
[EndTime "10:22:42 PST"]
[Termination "klimkoj won by resignation"]

1. d4 Nf6 2. Bg5 d5 3. Nd2 c5 4.
e3 e6 5. Ngf3 Nc6 6. c3 Bd6 7.
Bd3 h6 8. Bh4 Qc7 9. Qe2 e5 10.
dxe5 Nxe5 11. Nxe5 Bxe5 12. Nf3 Bg4 13. Bb5+ Ke7 14. h3 Bxf3 15. Qxf3 a6 16. Bd3 Rad8 17. O-O Rhe8 18. Rad1 Kf8 19. Bxf6 Bxf6 20. e4 d4 21.
cxd4 Rxd4 22. b3 b5 23. e5 Qxe5 24. Bc2 Qe7 25. Qc6 Rxd1 26. Bxd1 Qa7 27. Bh5 Bd4 28. Kh1 g6 29. Bf3 Re6 30. Qc8+ Re8 31. Qc6 Re6 32.
Qc8+ Kg7 33. Bg4 Re7 34. f4 Qb7 35. Qd8 Qc7 36. Qd5 h5 37. Bd1 Qd7 38. Qf3 Qf5 39. g4 hxg4 40. hxg4 Qf6 41. f5 Re3 42. Qg2 Qh4+ 43.
Qh2 Rh3 44. f6+ Kg8 45. Rf2 Bxf2 0-1

[Event "*** Titled Tuesday Blitz"]
[Site "Chess.com"]
[Date "2020.11.24"]
[Round "1"]
[White "Das_Virus_2020"]
[Black "Taktikmonster"]
[Result "1-0"]
[WhiteElo "2500"]
[BlackElo "2081"]
[TimeControl "180+1"]
[EndTime "10:22:42 PST"]
[Termination "Das_Virus_2020 won on time"]

1. e4 c5 2. Nc3 Nc6 3. f4 g6 4. Nf3 Bg7 5. Bc4 e6 6. f5 gxf5 7. d3 Nge7 8. O-O d5 9. exd5 exd5 10. Bb3 b5 11. Nxb5 Ba6 12. a4 Na5 13. Ba2 Qb6 14. c4 dxc4 15. dxc4 Rd8 16. Qe1 Nc6 17. Qh4 Bxb5 18. cxb5 Nd4 19. Bg5 Ng6 20. Qh3 Ne6 21. Bxd8 Qxd8 22. Qxf5 O-O 23. Rad1 Nd4 24. Nxd4 Bxd4+ 25. Kh1 Qc7 26. b4 Kg7 27. bxc5 Bxc5 28. Rd7 Qb6 29.
Rxf7+ Rxf7 30. Qxf7+ Kh6 31. Qf3 Qd6 32. Qh3+ Kg5 33.
Qg3+ Qxg3 34. hxg3 Ne5 35. Be6 Kg6 36. Rc1 Bd4 37. a5 Kf6 38. Bc8 Nd3 39. Rb1 Nf2+ 40. Kh2 Be5 41. b6 axb6 42. axb6 Ne4 43. Rb3 Ke7 44.
b7 Bb8 45. Re3 1-0

[Event "*** Titled Tuesday Blitz"]
[Site "Chess.com"]
[Date "2020.11.24"]
[Round "1"]
[White "chito89"]
[Black "mr_gustavo"]
[Result "0-1"]
[WhiteElo "2743"]
[BlackElo "2413"]
[TimeControl "180+1"]
[EndTime "10:22:44 PST"]
[Termination "mr_gustavo won on time"]

1. e4 c5 2. Nf3 d6 3. d4 cxd4 4. Nxd4 Nf6 5. Nc3 a6 6. f4 e5 7. Nf3 Nc6 8. fxe5 dxe5 9. Qxd8+ Kxd8 10. Bg5 Be7 11. O-O-O+ Ke8 12. Bxf6 Bxf6 13. Nd5 Bd8 14. Kb1 Be6 15. c3 f6 16. Be2 Kf7 17. Rhf1 h6 18. Nh4 h5 19. Nf5 Bxf5 20. Rxf5 g6 21.
Rf2 Rf8 22. Rdf1 Kg7 23. g4 hxg4 24. Bxg4 b5 25. h4 Ra7 26. h5 g5 27. Ne3 Ne7 28. Rd2 Bb6 29. Nf5+ Nxf5 30. Bxf5 Kh6 31. Bg6 Be3 32.
Rd6 Bf4 33. Rfd1 g4 34. Rd7 Rxd7 35. Rxd7 g3 36. Rh7+ Kg5 37. Bf5 Rg8 38. Bh3 Kh4 39. Bg2 Rd8 40. a4 Rd2 41. Bf3 Rf2 42. Bd1 Rf1 43. Kc2 g2 44. Rg7 Bg5 45. h6 g1=Q 46. h7 Qh2+ 47. Kb3 Kg3 0-1

[Event "*** Titled Tuesday Blitz"]
[Site "Chess.com"]
[Date "2020.11.24"]
[Round "1"]
[White "monalize"]
[Black "RobertoJBM"]
[Result "0-1"]
[WhiteElo "2372"]
[BlackElo "2705"]
[TimeControl "180+1"]
[EndTime "10:22:45 PST"]
[Termination "RobertoJBM won by resignation"]

1. e4 c5 2. Nf3 e6 3. d4 cxd4 4. Nxd4 Nc6 5. Nc3 Qc7 6. g3 a6 7. Bg2 Nf6 8. O-O Nxd4 9. Qxd4 Bc5 10. Bf4 d6 11. Qd2 h6 12. Rad1 e5 13. Be3 Be6 14.
h3 O-O 15. Bxc5 dxc5 16. Qd6 Qxd6 17. Rxd6 Rfd8 18. Rfd1 Rxd6 19. Rxd6 Rc8 20. a4 Kf8 21. Rb6 Rc7 22. Nd5 Rd7 23. c4 Ne8 24. Kh2 Bxd5 25. cxd5 Nd6 26. Rb3 b5 27. axb5 axb5 28. Ra3 Ke7 29.
Ra6 Rc7 30. Rb6 b4 31. f3 Ra7 32. Rc6 c4 33. Bf1 Ra2 34. Bxc4 Rxb2+ 35. Kg1 Rc2 36. Bb3 Rxc6 37. dxc6 f6 38. Kf2 Nb5 39. Ke3 Nd4 40. Ba2 Kd6 41. f4 g5 42. fxg5 fxg5 43. Bd5 Nxc6 44. Kf3 b3 45. Kg4 b2 46. Ba2 Nd4 47. Kh5 Nb5 48. Bb1 Nc3 49. Bc2 Ke6 50. Kxh6 Kf6 51. h4 gxh4 52. gxh4 b1=Q 53. Bxb1 Nxb1 54.
Kh5 Nd2 55. Kg4 Nxe4 56. h5 Nd6 57. h6 Kg6 58. h7 Kxh7 59. Kg5 Kg7 60. Kh5 Kf7 61. Kg5 Ke6 62. Kh5 Kd5 63. Kg5 Kd4 64.
Kg4 e4 0-1

[Event "*** Titled Tuesday Blitz"]
[Site "Chess.com"]
[Date "2020.11.24"]
[Round "1"]
[White "Savagelittlemole"]
[Black "orestn"]
[Result "1-0"]
[WhiteElo "2590"]
[BlackElo "2295"]
[TimeControl "180+1"]
[EndTime "10:22:46 PST"]
[Termination "Savagelittlemole won by resignation"]

1. e4 e5 2. Nf3 Nc6 3. Bb5 a6 4. Ba4 Nf6 5. O-O Be7 6. Re1 b5 7. Bb3 d6 8. c3 O-O 9. h3 Na5 10. Bc2 c5 11. d4 Nd7 12. Nbd2 exd4 13. cxd4 Nc6 14. Nf1 Nxd4 15. Nxd4 cxd4 16. Qxd4 Ne5 17. Bf4 Bf6 18. Qb4 Nc4 19. Rab1 Qb6 20. Ne3 Be6 21.
Nxc4 Bxc4 22. b3 Be6 23. Qxd6 Qxd6 24. Bxd6 Rfc8 25. Re2 Bc3 26. e5 Bd5 27. Rd1 Bc6 28.
Be4 Bxe4 29. Rxe4 b4 30. Bxb4 Bxb4 31. Rxb4 Rc2 32. Ra4 g6 33. Rd6 Re2 34. Raxa6 Rc8 35. e6 Rc1+ 36. Kh2 fxe6 37. Rxe6 Rxf2 38. Re7 Rcc2 39. Ra8+ Rf8 40. Rxf8+ Kxf8 41. Ra7 h5 42. h4 Rb2 43. Kh3 Ke8 44. g3 Kf8 45. Ra4 Ke7 46.
Ra6 Kf7 47. Ra4 Ke6 48. b4 Kf5 49. a3 Ke4 50. Ra6 Rb3 51. Rxg6 Rxa3 52. Rg5 Rb3 53. b5 1-0

[Event "*** Titled Tuesday Blitz"]
[Site "Chess.com"]
[Date "2020.11.24"]
[Round "1"]
[White "Astaneh"]
[Black "sbouchet"]
[Result "1-0"]
[WhiteElo "2594"]
[BlackElo "2300"]
[TimeControl "180+1"]
[EndTime "10:22:47 PST"]
[Termination "Astaneh won by checkmate"]

1. d4 Nf6 2. Bf4 g6 3. Nc3 Bg7 4. e4 d6 5. Qd2 c6 6. O-O-O b5 7.
e5 dxe5 8. dxe5 Qxd2+ 9. Bxd2 Ng4 10. Nh3 Nxe5 11. Nf4 O-O 12. Ne4 Bf5 13. Ng3 Bc8 14.
f3 Bb7 15. Ne4 Nbd7 16. Be3 a6 17. Kb1 Rac8 18. Nc5 Nxc5 19. Bxc5 Rfe8 20. Be2 e6 21. Rhe1 Rcd8 22. Bb6 Rxd1+ 23. Rxd1 Bc8 24. a4 Nd7 25. a5 Bf8 26. Nd3 c5 27. Bc7 c4 28. Ne5 Nxe5 29. Bxe5 Bb4 30. Bc7 Kf8 31. c3 Bc5 32.
f4 Ke7 33. Bf3 Bd7 34. Bb7 Bc8 35. Bc6 Rg8 36. h4 h6 37. g4 g5 38. fxg5 hxg5 39. h5 f5 40. Be5 Kf7 41. gxf5 exf5 42. Bd5+ Be6 43. h6 Bxd5 44. Rxd5 Kg6 45. Rxc5 Kxh6 46.
Kc2 Re8 47. Kd2 Re6 48. Ke3 Kh5 49. Kf3 Kh4 50. Bg3+ Kh3 51. Rxf5 g4+ 52. Kf2 Re8 53. Rh5# 1-0

[Event "*** Titled Tuesday Blitz"]
[Site "Chess.com"]
[Date "2020.11.24"]
[Round "1"]
[White "Arseniy_Nesterov"]
[Black "Bastiandash"]
[Result "1-0"]
[WhiteElo "2789"]
[BlackElo "2403"]
[TimeControl "180+1"]
[EndTime "10:22:48 PST"]
[Termination "Arseniy_Nesterov won by resignation"]

1. d4 Nf6 2. c4 e6 3. Nf3 Bb4+ 4. Bd2 a5 5. g3 O-O 6. Bg2 d5 7. Qc2 c5 8. dxc5 d4 9. Bxb4 axb4 10. O-O Nc6 11.
Rd1 e5 12. Nbd2 Qe7 13. Nb3 Nd7 14. h4 h6 15. Nfd2 Nxc5 16. Nxc5 Qxc5 17. Ne4 Qe7 18.
c5 Bf5 19. Qc1 Bxe4 20. Bxe4 Ra5 21. Qd2 Rxc5 22. Rac1 f5 23. Rxc5 Qxc5 24. Rc1 Qd6 25. Bxc6 bxc6 26. Qc2 Rf6 27. Qc5 Qb8 28. Rc4 f4 29.
Rxb4 Qc7 30. Qc4+ Kh8 31. Ra4 fxg3 32. Ra8+ Kh7 33. fxg3 e4 34. Qg8+ Kg6 35. Qe8+ Kf5 36. Qh5+ g5 37. g4+ Kf4 38. hxg5 Qb7 39. gxf6 Qxa8 40. Qf5+ Ke3 41. Qf2+ Kd2 42. Qxd4+ Ke1 43. Qf2+ Kd2 44. f7 Qf8 45. e3+ Kd3 46. a4 Qg7 47. f8=Q Qxg4+ 48. Qg2 1-0

[Event "*** Titled Tuesday Blitz"]
[Site "Chess.com"]
[Date "2020.11.24"]
[Round "1"]
[White "machupichu10"]
[Black "BulletMercenary"]
[Result "1-0"]
[WhiteElo "2754"]
[BlackElo "2392"]
[TimeControl "180+1"]
[EndTime "10:22:48 PST"]
[Termination "machupichu10 won by resignation"]

1. d4 e6 2. c3 d5 3. Bf4 c5 4.
e3 Nc6 5. Nd2 Bd6 6. Bg3 Nge7 7.
Bd3 O-O 8. Ngf3 f5 9. Ne5 cxd4 10.
cxd4 Bxe5 11. dxe5 Ng6 12. f4 Qb6 13. Qe2 Qxb2 14. O-O Qa3 15. Rfb1 Qe7 16. Nf3 b6 17. a4 Bb7 18. Qb2 Qc5 19. Bf2 Rfe8 20. h4 Na5 21. h5 Nf8 22. e4 Qe7 23. exf5 exf5 24.
Bxf5 Nc4 25. Qe2 Ne6 26. Bxe6+ Qxe6 27. Nd4 Qf7 28. Bg3 Rac8 29. Re1 Nd6 30. f5 Nxf5 31. e6 Qf6 32. Nxf5 Qxf5 33. Rad1 Rc2 34. Qe5 Qxe5 35. Rxe5 d4 36. Bf2 Rc6 37. e7 Rc7 38. Bh4 Rd7 39.
g4 d3 40. Kf2 g6 41. h6 Bc6 42. a5 d2 43. Ke3 bxa5 44. Rxa5 Rb7 45. Rxd2 Bd7 46. Rad5 Bxg4 47. Rd8 Rb3+ 48. Kf4 Rb8 49. Rxb8 Rxb8 50. Rd8+ 1-0

[Event "*** Titled Tuesday Blitz"]
[Site "Chess.com"]
[Date "2020.11.24"]
[Round "1"]
[White "Teidi96"]
[Black "FMJoseHerrera"]
[Result "0-1"]
[WhiteElo "2297"]
[BlackElo "2590"]
[TimeControl "180+1"]
[EndTime "10:22:48 PST"]
[Termination "FMJoseHerrera won by resignation"]

1. e4 c5 2. Nf3 e6 3. d3 b6 4. g3 Bb7 5. Bg2 Qc7 6. O-O d6 7.
Qe2 Nd7 8. c3 Ngf6 9. Bf4 Be7 10. Nbd2 O-O 11. d4 e5 12. dxe5 Nxe5 13. Nxe5 dxe5 14.
Bg5 Rfd8 15. Bxf6 Bxf6 16. Nc4 Ba6 17. Rfd1 Rxd1+ 18. Rxd1 Rd8 19. Rxd8+ Qxd8 20. b3 h6 21. Qd2 Bxc4 22. Qxd8+ Bxd8 23. bxc4 Bg5 24. Kf1 Bd2 25. Ke2 Bxc3 26. Kd3 Bd4 27. f4 Bg1 28. h3 Bh2 29. f5 Bxg3 30. Bf3 Kf8 31. a4 Ke7 32. Bh5 Kf6 33.
Ke3 g6 34. fxg6 fxg6 35. Bg4 Kg5 36. Kf3 Bf4 37. Bc8 Kf6 38. Ke2 Ke7 39. Kd3 Kd8 40. Be6 Ke7 41. Bc8 h5 42. Ke2 Kd8 43. Be6 Ke7 44. Bc8 g5 45. Bf5 Kd8 46. Bg6 g4 47. hxg4 hxg4 48. Bf5 g3 49. Kf3 Kc7 50. Bg6 Kb7 51.
Be8 Ka6 52. Bd7 Ka5 53. Be8 a6 54. Bd7 Kb4 55. Bc8 Kxc4 56. Bxa6+ Kb3 57. Bb5 c4 0-1